cohdb
Replays
Latest Replays
All Replays
Popular Replays
Top Player Replays
Match Explorer
How It Works
Community
CoH3 Stats
Reddit
Sign in to upload your games and track your stats! →
Sign in with Steam
Match 29211436
Unlisted
Match 29211436
Overview
Messages
Build Orders
End
Kettenkrad Recon Vehicle
Construct Infanterie Kompanie
Selects Italian Coastal Battlegroup
Selects Coastal Reserves
MG 42 Machine Gun Team
Coastal Reserve
GrW 34 Mortar Team
MG 42 Bunker
Selects Artillery Officer
Artillery Officer
Construct Luftwaffe Kompanie
Pioneer Squad
221 Scout Car
Selects Support Bunkers
MG 42 Bunker
221 Scout Car
Pioneer Squad
Jäger Squad
Selects Designated Artillery Overwatch
Support Elements
Anti-tank Bunker
Marder III M Tank Destroyer
Wirbelwind Flakpanzer
MG 42 Bunker
Selects Bulwark
MG 42 Bunker
Designated Artillery Overwatch
Marder III M Tank Destroyer
Construct Panzergrenadier Kompanie
Artillery Officer
Medical Station
Pak 40 Anti-tank Gun Team
cfjjs
kawara
我菜的睡不了
qyclub.top
Benzene
Omen
2398376630
Cheetah
0
0
Comments
sign in to comment!
No comments posted yet!